 Dungeon Crawl Stone Soup version 0.23.2-1-ga50397a (webtiles) character file.

Game seed: 13018060434491539208

13249 diana the Fighter (level 11, -18/89 HPs)
             Began as a Demonspawn Fighter on May 22, 2019.
             Was a High Priest of Okawaru.
             Demolished by a very large slime creature (56 damage)
             ... on level 12 of the Dungeon.
             The game lasted 00:17:18 (10173 turns).

diana the Fighter (Demonspawn Fighter)             Turns: 10173, Time: 00:17:19

Health: -18/89     AC: 11    Str: 19    XL:     11   Next: 73%
Magic:  16/16      EV: 16    Int: 10    God:    Okawaru [*****.]
Gold:   673        SH: 12    Dex: 16    Spells: 10/10 levels left

rFire    + + +     SeeInvis .   M - +2 scimitar (flame)
rCold    + . .     Gourm    .   A - +2 shield
rNeg     . . .     Faith    .   a - +3 ring mail of Terror {rF+++ MR- Regen+ Dex+3}
rPois    .         Spirit   .   (helmet unavailable)
rElec    .         Reflect  .   n - scarf {rC+ rF+}
rCorr    .         Harm     .   (no gloves)
MR       .....                  m - +0 pair of boots
Stlth    +.........             (no amulet)
HPRegen  0.64/turn              y - ring of flight
MPRegen  0.15/turn              (no ring)

@: studying Spellcasting
A: horns 3, repulsion field 1, demonic guardian 1, powered by death 2
a: Heroism, Finesse, Renounce Religion, Evoke Flight


You were on level 12 of the Dungeon.
You worshipped Okawaru.
Okawaru was extremely pleased with you.
You were very hungry.

You visited 2 branches of the dungeon, and saw 13 of its levels.

You collected 673 gold pieces.

Inventory:

Hand Weapons
 r - a +0 great sword
 M - a +2 scimitar of flaming (weapon)
Armour
 a - the +3 ring mail of Terror (worn) {rF+++ MR- Regen+ Dex+3}
   (Okawaru gifted it to you on level 10 of the Dungeon)

   It affects your dexterity (+3).
   It renders you almost immune to fire.
   It affects your resistance to hostile enchantments.
   It increases your rate of regeneration.
 b - a +0 scale mail
 m - a +0 pair of boots (worn)
 n - a scarf of resistance (worn)
 w - the +1 ring mail of the Kettle-Drum {rPois Str+2}
   (You found it on level 4 of the Dungeon)

   It affects your strength (+2).
   It protects you from poison.
 A - a +2 shield (worn)
Jewellery
 y - a ring of flight (left hand)
 C - an uncursed ring of protection from fire {unknown}
 N - an uncursed ring of ice
Wands
 o - a wand of acid (10)
 B - a wand of paralysis (7)
 H - a wand of iceblast (13)
 J - a wand of digging (4)
 K - a wand of random effects (20)
Scrolls
 e - 5 scrolls of enchant armour
 g - 6 scrolls of remove curse
 h - a scroll of blinking {unknown}
 k - 4 scrolls of enchant weapon
 l - 3 scrolls of noise
 q - 3 scrolls of teleportation
 v - 4 scrolls of immolation
 x - a scroll of random uselessness {unknown}
 z - 4 scrolls of fear
 D - a scroll of fog {unknown}
 I - 2 scrolls of amnesia {unknown}
Potions
 c - a potion of flight {unknown}
 d - a potion of might
 i - 2 potions of agility
 j - 4 potions of haste
 p - 2 potions of brilliance
 s - 4 potions of heal wounds
 t - 2 potions of magic
 u - 7 potions of curing
 E - 2 potions of ambrosia {unknown}
 G - 2 potions of mutation {unknown}
 L - a potion of cancellation {unknown}
 O - a potion of degeneration {unknown}
Books
 F - a manual of Spellcasting
Comestibles
 f - 27 rations


   Skills:
 + Level 9.3 Fighting
 + Level 8.1 Long Blades
 + Level 8.5 Armour
 + Level 7.9 Dodging
 + Level 5.7 Shields
 - Level 7.4 Invocations


You had 10 spell levels left.
You didn't know any spells.
Your spell library contained the following spells:

 Spells                   Type           Power        Failure   Level  Hunger
 Summon Butterflies       Summ           #.......     90%         1    ##.....


Dungeon Overview and Level Annotations

Branches:
Dungeon (12/15)            Temple (1/1) D:5            Lair (0/6) D:10
    Orc (0/2) D:10

Altars:
Ashenzari
Cheibriados
Dithmenos
Elyvilon
Fedhas
Gozag
Hepliaklqana
Kikubaaqudgha
Makhleb
Nemelex Xobeh
Okawaru
Qazlal
Ru
Sif Muna
Trog
Uskayaw
Vehumet
Wu Jian
Xom
Yredelemnul
Zin
The Shining One

Shops:
D:4 *

Portals:
Trove: D:10 (give 8 potions of haste)

Annotations:
D:4 3 runed translucent doors, Curus's ghost, amateur MiMo
D:12 Azrael


Innate Abilities, Weirdness & Mutations

You have a pair of large horns on your head.
You are surrounded by a mild repulsion field. (EV +2)
A weak demonic guardian rushes to your aid.
You regenerate health from kills.


Message History

The purple ugly thing gurgles horribly!
A slime creature comes into view.
The slime creature quivers.
A slime creature comes into view.
The slime creature quivers.
A slime creature comes into view.
The slime creature quivers.
Two slime creatures merge to form a large slime creature.
Two slime creatures merge to form a very large slime creature.
Found a robe.
Found a stone staircase leading up and a stone staircase leading down.
A slime creature comes into view.
Unknown command.
A slime creature comes into view.
There is a stone staircase leading up here.
The slime creature quivers.
Two slime creatures merge to form a large slime creature.
The very large slime creature hits you!!!
Ouch! That really hurt!
You die...

... #.#
#.# ##.##
... #J#
#u#
#.##J##.#
#...@...#
#..#[#..#
#.......#
##.#.>....
#.###.####
# .# .# #


You could see a purple ugly thing, a very large slime creature and a large slime
creature.

Vanquished Creatures
  A hydra (D:12)
  Erica (D:9)
  Fannar (D:11)
  An unseen horror (D:12)
  An ugly thing (D:11)
  Joseph (D:9)
  A gargoyle (D:10)
  4 centaur skeletons
  A kobold demonologist (D:11)
  2 trolls (D:10)
  2 hornets (D:10)
  A hippogriff (D:6)
  A spriggan (D:10)
  A wyvern (D:12)
  11 yaks
  A hungry ghost (D:8)
  A fire elemental (D:12)
  2 hell hounds (D:12)
  9 orc warriors
  3 phantoms
  An ice beast (D:8)
  A black bear (D:11)
  An eye of draining (D:8)
  5 wolves (D:10)
  5 ogres
  2 crocodiles
  3 centaurs
  Blork the orc (D:5)
  5 bullfrogs
  A wyvern zombie (D:8)
  4 scorpions
  3 wights (D:11)
  3 killer bees (D:9)
  A howler monkey (D:9)
  5 electric eels (D:10)
  3 crimson imps
  2 bullfrog zombies
  A centaur zombie (D:7)
  7 hounds
  4 jellies
  13 orc priests
  2 bullfrog skeletons
  10 orc wizards
  2 iguanas
  Natasha (thrice) (D:4)
  6 worker ants
  A howler monkey zombie (D:7)
  A worker ant zombie (D:6)
  2 gnolls (D:3)
  12 adders
  A shadow imp (D:8)
  An ooze (D:4)
  An adder zombie (D:7)
  6 worms
  A dart slug (D:3)
  4 leopard geckos
  49 orcs
  4 ball pythons
  2 giant cockroaches
  7 hobgoblins
  16 jackals
  3 quokkas
  13 bats
  3 frilled lizards
  10 goblins
  A jackal zombie (D:8)
  12 kobolds
  A leopard gecko zombie (D:8)
  A quokka zombie (D:6)
  11 rats
303 creatures vanquished.

Vanquished Creatures (collateral kills)
  A yak (D:10)
  A sky beast (D:7)
  3 ogres
  A bullfrog zombie (D:10)
  2 gnolls (D:3)
  A shadow imp (D:9)
  2 orcs (D:9)
  A giant cockroach (D:4)
12 creatures vanquished.

Vanquished Creatures (others)
  A kobold (D:11)
1 creature vanquished.

Grand Total: 316 creatures vanquished

Notes
Turn   | Place    | Note
-------+----------+-------------------------------------------
     0 | D:1      | diana the Demonspawn Fighter began the quest for the Orb.
     0 | D:1      | Reached XP level 1. HP: 18/18 MP: 1/1
   124 | D:1      | Gained mutation: You have a pair of small horns on your
                  | head. [demonic ancestry]
   124 | D:1      | Reached XP level 2. HP: 22/24 MP: 2/2
   601 | D:2      | Gained mutation: A weak demonic guardian rushes to your
                  | aid. [demonic ancestry]
   601 | D:2      | Reached XP level 3. HP: 18/29 MP: 3/3
   608 | D:2      | Reached skill level 1 in Dodging
  1066 | D:2      | Reached XP level 4. HP: 27/35 MP: 4/4
  1381 | D:2      | Found a bloodstained altar of Trog.
  2077 | D:3      | Found a hazy altar of Hepliaklqana.
  2113 | D:3      | Gained mutation: You have a pair of horns on your head.
                  | [demonic ancestry]
  2113 | D:3      | Reached XP level 5. HP: 37/41 MP: 5/5
  3055 | D:4      | Noticed a phantom
  3137 | D:4      | Noticed Natasha
  3146 | D:4      | Killed Natasha
  3146 | D:4      | Reached skill level 4 in Fighting
  3146 | D:4      | Gained mutation: You regenerate a little health from kills.
                  | [demonic ancestry]
  3146 | D:4      | Reached XP level 6. HP: 27/48 MP: 6/6
  3163 | D:4      | Found Sotzasi's Assorted Antiques.
  3522 | D:4      | Gained mutation: You regenerate health from kills. [demonic
                  | ancestry]
  3522 | D:4      | Reached XP level 7. HP: 45/55 MP: 7/7
  3530 | D:4      | Got an encrusted ring mail
  3541 | D:4      | Identified the cursed +1 ring mail of the Kettle-Drum
                  | {rPois Str+2} (You found it on level 4 of the Dungeon)
  3652 | D:4      | Found a runed translucent gate.
  3653 | D:4      | Found a runed translucent gate.
  3654 | D:4      | Found a runed translucent gate.
  3656 | D:4      | Noticed Curus's ghost (amateur MiMo)
  3693 | D:4      | Noticed Natasha
  3696 | D:4      | Killed Natasha
  3792 | D:4      | Found a basalt altar of Yredelemnul.
  3792 | D:4      | Found a glowing golden altar of the Shining One.
  3799 | D:4      | Noticed a profane servitor
  3807 | D:4      | Noticed an angel
  3886 | D:4      | Noticed Natasha
  3894 | D:4      | Killed Natasha
  3944 | D:5      | Entered Level 5 of the Dungeon
  3944 | D:5      | Found a staircase to the Ecumenical Temple.
  3968 | Temple   | Entered the Ecumenical Temple
  4213 | Temple   | Became a worshipper of Warmaster Okawaru
  4711 | D:5      | Noticed Blork the orc
  4718 | D:5      | Killed Blork the orc
  4718 | D:5      | Reached skill level 5 in Fighting
  5189 | D:6      | Gained mutation: You are surrounded by a mild repulsion
                  | field. (EV +2) [demonic ancestry]
  5189 | D:6      | Reached XP level 8. HP: 44/62 MP: 8/8
  5191 | D:6      | Reached * piety under Okawaru
  5192 | D:6      | Noticed a hippogriff
  5198 | D:6      | Killed a hippogriff
  5198 | D:6      | Reached skill level 5 in Armour
  5714 | D:7      | Reached skill level 5 in Long Blades
  5812 | D:7      | Reached skill level 6 in Fighting
  6105 | D:7      | Found a blossoming altar of Fedhas.
  6209 | D:7      | Reached ** piety under Okawaru
  6313 | D:8      | Reached skill level 5 in Dodging
  6394 | D:8      | Gained mutation: You have a pair of large horns on your
                  | head. [demonic ancestry]
  6394 | D:8      | Reached XP level 9. HP: 64/71 MP: 9/9
  6576 | D:8      | Reached skill level 1 in Invocations
  6813 | D:8      | Reached *** piety under Okawaru
  6937 | D:8      | Reached skill level 7 in Fighting
  7082 | D:9      | Noticed Erica
  7092 | D:9      | Killed Erica
  7092 | D:9      | Reached **** piety under Okawaru
  7092 | D:9      | Reached XP level 10. HP: 74/80 MP: 11/13
  7199 | D:9      | Found a deep blue altar of Sif Muna.
  7200 | D:9      | Found an ancient bone altar of Kikubaaqudgha.
  7201 | D:9      | Found a radiant altar of Vehumet.
  7205 | D:9      | Identified Sif Muna's Papyrus of the Entourage
  7227 | D:9      | Noticed Joseph
  7255 | D:9      | Killed Joseph
  7263 | D:9      | Reached skill level 5 in Invocations
  7578 | D:10     | Entered Level 10 of the Dungeon
  7602 | D:10     | Reached skill level 8 in Fighting
  7608 | D:10     | Reached ***** piety under Okawaru
  7621 | D:10     | Received a gift from Okawaru
  7622 | D:10     | Got an ancient hunting sling {god gift}
  7640 | D:10     | Found a staircase to the Lair.
  8172 | D:10     | Noticed a gargoyle
  8198 | D:10     | Killed a gargoyle
  8255 | D:10     | Reached XP level 11. HP: 81/87 MP: 15/15
  8479 | D:10     | Received a gift from Okawaru
  8484 | D:10     | Got an ichor-stained ring mail {god gift}
  8496 | D:10     | Identified the +3 ring mail of Terror {rF+++ MR- Regen+
                  | Dex+3} (Okawaru gifted it to you on level 10 of the
                  | Dungeon)
  8704 | D:10     | Found a staircase to the Orcish Mines.
  8935 | D:10     | Found a portal to a secret trove of treasure.
  9190 | D:11     | Noticed Fannar
  9201 | D:11     | Noticed a sun demon
  9323 | D:11     | Killed Fannar
  9323 | D:11     | Reached skill level 5 in Shields
  9399 | D:11     | Noticed a cyan ugly thing
  9407 | D:11     | Killed a cyan ugly thing
  9592 | D:11     | Reached skill level 9 in Fighting
 10009 | D:12     | Killed an unseen horror
 10123 | D:12     | Noticed a seven-headed hydra
 10134 | D:12     | Killed a two-headed hydra
 10152 | D:12     | Noticed Azrael
 10169 | D:12     | Noticed a five-headed hydra
 10170 | D:12     | Noticed a purple ugly thing
 10173 | D:12     | Demolished by a very large slime creature

Skill      XL: |  1  2  3  4  5  6  7  8  9 10 11 |
---------------+----------------------------------+-----
Long Blades    | 2 3 4 5 6 7 8 |  8.1
Armour         | 3 4 5 7 8 |  8.5
Dodging        | 1 2 3 5 6 7 |  7.9
Shields        | 3 4 5 |  5.7
Fighting       | 4 5 6 7 8 9 |  9.3
Invocations    | 4 6 7 |  7.4

Action                   |  1- 3 |  4- 6 |  7- 9 | 10-12 || total
-------------------------+-------+-------+-------+-------++-------
Melee: Long sword        |   113 |   104 |       |       ||   217
       Headbutt          |    12 |    32 |    63 |    85 ||   192
       Great sword       |       |    61 |   228 |     3 ||   292
       Scimitar          |       |       |       |   344 ||   344
Invok: Heroism           |       |       |     1 |     2 ||     3
       Finesse           |       |       |       |     1 ||     1
Evoke: Wand              |       |       |       |    24 ||    24
  Use: Scroll            |       |       |       |    14 ||    14
 Stab: Distracted        |       |     1 |     1 |     1 ||     3
  Eat: Chunk             |       |     9 |    10 |     6 ||    25
       Ration            |       |       |     1 |     1 ||     2
Armor: Scale mail        |    58 |    94 |       |       ||   152
       Ring mail         |       |       |    85 |    92 ||   177
Dodge: Dodged            |    29 |    87 |   216 |   212 ||   544
Block: Shield            |    62 |    75 |       |   231 ||   368
       Rpst.: Long sword |    11 |    18 |       |       ||    29
       Great sword       |       |    11 |    67 |       ||    78
       Scimitar          |       |       |       |    58 ||    58
